 Dungeon Crawl Stone Soup version 0.18-a0-1800-gdc7a371 (webtiles) character file.

1714 Minkie the Covert (level 8, -3/52 HPs)
             Began as a Vampire Enchanter on Apr 24, 2016.
             Was a Follower of Makhleb.
             Slain by a decayed bog body (5 damage)
             ... in an ossuary.
             The game lasted 00:29:44 (5666 turns).

Minkie the Covert (Vampire Enchanter)               Turns: 5666, Time: 00:29:45

Health: -3/52      AC:  4    Str:  7    XL:     8   Next: 74%
Magic:  2/17       EV: 13    Int: 20    God:    Makhleb [*.....]
Gold:   262        SH:  0    Dex: 17    Spells: 5 memorised, 1 level left

rFire  . . .     SeeInvis +     w - +2 dagger (venom)
rCold  + + +     Gourm    .     b - +1 robe
rNeg   + + +     Faith    .     (no shield)
rPois  ∞         Spirit   .     n - +0 helmet
rElec  .         Dismiss  .     (no cloak)
rCorr  .         Reflect  .     (no gloves)
SustAt .         Harm     .     (no boots)
MR     .....                    (no amulet)
Stlth  +++++.....               v - +3 ring of dexterity
                                s - ring of protection from cold

@: bloodless, non-regenerating, drained, not resistant to hostile enchantments,
quite stealthy
A: fangs 3, see invisible, unbreathing
a: Bat Form, Renounce Religion


You were in an ossuary.
You worshipped Makhleb.
Makhleb was aware of your devotion.
You were bloodless.

You visited 1 branch of the dungeon, and saw 6 of its levels.
You also visited: Ossuary.

You collected 262 gold pieces.

Inventory:

Hand Weapons
 a - a +1 dagger
 w - a +2 dagger of venom (weapon)
Missiles
 h - 287 stones (quivered)
Armour
 b - a +1 robe (worn)
 n - a +0 helmet (worn)
Jewellery
 p - an uncursed ring of resist corrosion
 s - a ring of protection from cold (left hand)
 v - a +3 ring of dexterity (right hand)
 B - an uncursed amulet of harm
Scrolls
 e - 7 scrolls of identify {unknown}
 f - a scroll of immolation {unknown}
 i - 2 scrolls of fog
 k - a scroll of remove curse
 m - 2 scrolls of magic mapping {unknown}
 o - 2 scrolls of recharging {unknown}
 r - 2 scrolls of teleportation {unknown}
 t - a scroll of blinking {unknown}
 u - a scroll of amnesia {unknown}
 C - a scroll of enchant armour {unknown}
Potions
 d - 11 potions of blood
 g - a potion of cancellation {unknown}
 j - 3 potions of curing {unknown}
 l - 2 potions of lignification {unknown}
 q - a potion of brilliance {unknown}
 x - a potion of degeneration {unknown}
 z - a potion of heal wounds {unknown}
 A - a potion of agility {unknown}
Books
 c - a book of Maledictions

   Spells                             Type                      Level
   a - Corona                         Hexes                        1
   b - Ensorcelled Hibernation        Hexes/Ice                    2
   c - Confuse                        Hexes                        3
   d - Tukima's Dance                 Hexes                        3
   e - Dazzling Spray                 Conjuration/Hexes            3
 y - a book of Enchantments

   Spells                             Type                      Level
   a - Cause Fear                     Hexes                        4
   b - Yara's Violent Unravelling     Hexes/Transmutation          5
   c - Silence                        Hexes/Air                    5
   d - Deflect Missiles               Charms/Air                   6
   e - Haste                          Charms                       6
   f - Discord                        Hexes                        8


   Skills:
 + Level 5.4(5.3) Short Blades
 - Level 2.1 Dodging
 + Level 8.8(8.7) Stealth
 + Level 6.4(6.3) Spellcasting
 + Level 7.8(7.7) Hexes
 + Level 2.5(2.4) Charms
 - Level 1.0(0.9) Ice Magic
 + Level 1.6(1.5) Air Magic


You had one spell level left.
You knew the following spells:

 Your Spells              Type           Power        Failure   Level  Hunger
a - Corona                Hex            #####..      1%          1    None
b - Ensorcelled Hibernat  Hex/Ice        ###...       2%          2    None
c - Confuse               Hex            #####...     1%          3    ##.....
d - Haste                 Chrm           ###.....     100%        6    #######
e - Deflect Missiles      Chrm/Air       ##........   100%        6    #######


Dungeon Overview and Level Annotations

Branches:
Dungeon (6/15)             Temple (0/1) D:4

Altars:
Ashenzari
Dithmenos
Elyvilon
Gozag
Makhleb
Pakellas
Trog
Yredelemnul
The Shining One

Annotations:
D:3 gracecamel's ghost, amateur HuBe


Innate Abilities, Weirdness & Mutations

You do not heal naturally.
You are immune to poison.
You have razor-sharp teeth.
You have supernaturally acute eyesight.
You can survive without breathing.


Message History

Casting: Confuse
Confirm with . or Enter, or press ? or * to list all spells.
Aiming: Confuse
Press: ? - help, Shift-Dir - straight line, f/p - decayed bog body
Aim: a decayed bog body (chance to defeat MR: 48%)
The decayed bog body resists with some effort.
The decayed bog body barely misses you. The decayed bog body misses you.
Casting: Confuse
Confirm with . or Enter, or press ? or * to list all spells.
You don't have enough magic to cast that spell.
Unknown command.
You hit the decayed bog body.
The decayed bog body is lightly damaged.
The decayed bog body hits you!!
* * * LOW HITPOINT WARNING * * *
The decayed bog body touches you.
* * * LOW HITPOINT WARNING * * *
The decayed bog body freezes you. You resist. The decayed bog body hits you.
You die...

### #≈≈ ## #≈≈# ###≈
##≈≈## ##≈≈ #≈≈#≈#
#≈≈#####≈##≈####≈# ###
#.n.≈P≈.≈.#.≈P≈#
##≈≈##@≈.#≈#≈#≈≈M#.≈#
#≈≈≈P≈≈.≈.≈≈.≈≈≈≈≈.≈.≈
#≈≈##≈#≈##'##'##≈##.≈≈≈
#..≈#...#.# !!# ..≈
#≈≈≈≈#÷∩.### ?!# ##
#≈#P≈≈#..∩# !!#
#≈≈≈#≈##### ### ≈≈#P≈≈≈
≈#≈≈≈≈##


You could see a decayed bog body.

Vanquished Creatures
  The ghost of smazza the Slasher, a novice FoFi (D:5)
  Sigmund (D:4)
  A sky beast (D:5)
  An eye of draining (D:3)
  An ogre (D:3)
  A crocodile (D:5)
  2 scorpions
  A crimson imp (D:5)
  A centaur zombie (D:5)
  3 bog bodies (Ossuary)
  3 giant frog zombies (Ossuary)
  2 hounds
  An orc wizard (D:3)
  A giant frog skeleton (D:6)
  2 iguanas
  4 worker ants
  8 mummies (Ossuary)
  2 worker ant zombies (Ossuary)
  2 adders
  3 gnolls (D:6)
  A shadow imp (D:6)
  2 adder skeletons
  An adder zombie (Ossuary)
  2 worms (D:2)
  6 giant geckos
  15 orcs
  3 ball pythons
  5 bats
  3 giant cockroaches
  7 hobgoblins
  3 jackals (D:2)
  3 quokkas
  4 giant newts
  14 goblins
  9 kobolds
  40 rats
159 creatures vanquished.

Vanquished Creatures (others)
  A hydra (D:2)
  2 withered plants (Ossuary)
3 creatures vanquished.

Grand Total: 162 creatures vanquished

Notes
Turn   | Place    | Note
--------------------------------------------------------------
     0 | D:1      | Minkie the Vampire Enchanter began the quest for the Orb.
     0 | D:1      | Reached XP level 1. HP: 13/13 MP: 3/3
   305 | D:1      | Reached XP level 2. HP: 19/19 MP: 5/5
   309 | D:1      | Learned a level 2 spell: Ensorcelled Hibernation
   920 | D:2      | Reached XP level 3. HP: 16/24 MP: 6/6
  1210 | D:2      | Found a glowing golden altar of the Shining One.
  1336 | D:2      | Found a faded altar to an unknown god.
  1407 | D:2      | Found an oddly glowing altar of Pakellas.
  1407 | D:2      | Noticed a six-headed hydra
  1425 | D:2      | Killed a six-headed hydra
  1709 | D:3      | Noticed an ogre
  1717 | D:3      | Killed an ogre
  1717 | D:3      | Reached skill level 5 in Stealth
  1717 | D:3      | Reached skill level 5 in Hexes
  1717 | D:3      | Reached XP level 4. HP: 30/30 MP: 6/9
  1734 | D:3      | Noticed gracecamel's ghost (amateur HuBe)
  1763 | D:3      | Reached XP level 5. HP: 35/35 MP: 3/10
  1829 | D:3      | Learned a level 3 spell: Confuse
  1899 | D:3      | Found a basalt altar of Yredelemnul.
  2332 | D:3      | Noticed an eye of draining
  2333 | D:3      | Found a bloodstained altar of Trog.
  2389 | D:3      | Killed an eye of draining
  2389 | D:3      | Reached skill level 6 in Stealth
  2389 | D:3      | Reached XP level 6. HP: 34/41 MP: 0/12
  3066 | D:4      | Found a shattered altar of Ashenzari.
  3127 | D:4      | Noticed Sigmund
  3140 | D:4      | Killed Sigmund
  3247 | D:4      | Found a shadowy altar of Dithmenos.
  3453 | D:4      | Reached XP level 7. HP: 46/46 MP: 9/14
  3456 | D:4      | Reached skill level 5 in Spellcasting
  3758 | D:4      | Found a burning altar of Makhleb.
  3781 | D:4      | Became a worshipper of Makhleb the Destroyer
  3924 | D:4      | Found a staircase to the Ecumenical Temple.
  3987 | D:5      | Entered Level 5 of the Dungeon
  4073 | D:5      | Noticed smazza's ghost (novice FoFi)
  4100 | D:5      | Killed smazza's ghost
  4100 | D:5      | Reached skill level 7 in Stealth
  4136 | D:5      | Found a white marble altar of Elyvilon.
  4150 | D:5      | Reached XP level 8. HP: 23/52 MP: 9/16
  4213 | D:5      | Learned a level 6 spell: Haste
  4256 | D:5      | Reached skill level 1 in Ice Magic
  4273 | D:5      | Reached skill level 8 in Stealth
  4355 | D:5      | Found an opulent altar of Gozag.
  4359 | D:5      | Reached skill level 1 in Charms
  4795 | D:5      | Learned a level 6 spell: Deflect Missiles
  4886 | D:6      | Reached skill level 5 in Short Blades
  4897 | D:6      | Reached * piety under Makhleb
  5183 | D:6      | Found a sand-covered staircase.
  5192 | Ossuary  | Entered an ossuary
  5312 | Ossuary  | Reached skill level 1 in Air Magic
  5665 | Ossuary  | HP: 2/52 [decayed bog body (3)]
  5666 | Ossuary  | Slain by a decayed bog body

Vault maps used:
D:1:      enne_arrival_octagon_isle
D:2:      old_standard_altar, ecumenical_altar_1,
          gammafunk_pakellas_cloud_experiment
D:3:      trog_eyes_of_draining, lemuel_round_altar, first_bread,
          grunt_ministairs_3, minmay_rats_cheesy_pizza
D:4:      kennysheep_the_goblin_king, ashenzari_altar_1,
          grunt_dithmenos_smoke_and_mirrors, kennysheep_little_box,
          minmay_temple_entry_nine_rooms, uniq_sigmund
D:5:      elyvilon_altar_4, old_standard_altar
D:6:      hangedman_ru_absence, lemuel_crystal_altar, old_standard_altar,
          lightli_ossuary_entry_decrepit_ruins, basic_altar, uniq_duvessa
Ossuary:  ossuary_zaba_flooded

Skill      XL: |  1  2  3  4  5  6  7  8 |
---------------+-------------------------+-----
Short Blades   | 2 3 4 5 |  5.4
Stealth        | 5 6 7 8 |  8.8
Spellcasting   | 3 4 5 6 |  6.4
Hexes          | 5 6 7 |  7.8
Ice Magic      | 1 |  1.0
Charms         | 2 |  2.5
Air Magic      | 1 |  1.6
Dodging        | |  2.1

Action                   |  1- 3 |  4- 6 |  7- 9 || total
-------------------------+-------+-------+-------++-------
Melee: Dagger            |   103 |   221 |   135 ||   459
       Bite              |     8 |    16 |    14 ||    38
Throw: Stone             |       |     1 |       ||     1
 Cast: Ensorcelled Hiber |     8 |    24 |    28 ||    60
       Confuse           |       |     2 |    31 ||    33
  Use: Scroll            |       |     2 |       ||     2
 Stab: Sleeping          |    18 |    21 |    27 ||    66
       Confused          |       |       |    13 ||    13
       Distracted        |       |       |     2 ||     2
Armor: Robe              |    17 |    27 |     8 ||    52
Dodge: Dodged            |    51 |    59 |    40 ||   150
